 Dungeon Sprint DCSS version 0.19.4-9-g45fd643 (webtiles) character file.

7 equalderp2856 the Scratcher (level 1, 0/10 HPs)
             Began as a Felid Fighter on Feb 19, 2017.
             Was an Initiate of Gozag.
             Killed by divine providence
             ... invoked by an orc priest
              (10 damage)
             ... in the Dungeon (Sprint VII: "The Pits").
             The game lasted 00:00:31 (311 turns).

equalderp2856 the Scratcher (Felid Fighter)          Turns: 311, Time: 00:00:33

Health: 0/10       AC:  1    Str: 12    XL:     1   Next: 83%
Magic:  2/2        EV: 20    Int:  9    God:    Gozag
Gold:   171        SH:  0    Dex: 15    Spells: 0 memorised, 0 levels left
                                        Lives:  0   Deaths: 0

rFire  . . .     SeeInvis +       - Unarmed
rCold  . . .     Gourm    .     (armour unavailable)
rNeg   . . .     Faith    .     (shield unavailable)
rPois  .         Spirit   .     (helmet unavailable)
rElec  .         Reflect  .     (cloak unavailable)
rCorr  .         Harm     .     (gloves unavailable)
MR     .....     NoTele   +     (boots unavailable)
Stlth  ++........               (no amulet)
                                (no ring)
                                (no ring)

@: quick
A: no armour, no weapons or thrown items, stealth, claws 1, fangs 3, see
invisible, carnivore 3, speed 1, shaggy fur 1, slow metabolism 1, sharp paws
a: Potion Petition, Call Merchant, Bribe Branch, Renounce Religion


You were in the Dungeon.
You worshipped Gozag.
Gozag was aware of your devotion.
You were not hungry.

You visited 1 branch You collected 171 gold pieces.

Inventory:

Scrolls
 h - a scroll of blinking
 j - 3 scrolls of remove curse
 k - 5 scrolls of amnesia
 l - a scroll of summoning
Potions
 a - a potion of might
 c - a potion of curing
 d - a potion of heal wounds
 e - a potion of haste
 f - 4 potions of magic
 g - 3 potions of berserk rage
 i - 2 potions of invisibility
Comestibles
 b - 8 meat rations


   Skills:
 + Level 3.2 Fighting
 + Level 4.6 Dodging
 + Level 0.4 Stealth
 + Level 5.0 Unarmed Combat


You couldn't memorise any spells.
You didn't know any spells.

Dungeon Overview and Level Annotations

Branches:
Dungeon (1/1)

Altars:
Ashenzari
Cheibriados
Dithmenos
Elyvilon
Fedhas
Gozag
Hepliaklqana
Kikubaaqudgha
Makhleb
Nemelex Xobeh
Okawaru
Qazlal
Ru
Sif Muna
Trog
Uskayaw
Vehumet
Xom
Yredelemnul
Zin
The Shining One
Beogh
Jiyva
Lugonu


Innate Abilities, Weirdness & Mutations

You cannot wear armour.
You are incapable of wielding weapons or throwing items.
Your paws allow you to move quietly. (Stealth)
You have sharp claws.
You have razor-sharp teeth.
You have supernaturally acute eyesight. (SInv)
You are carnivorous and can eat meat at any time.
You cover ground quickly.
You are covered in fur. (AC +1)
You have a slow metabolism.
Your sharp claws are effective at attacking unaware monsters.


Message History

The goblin barely misses you.
You claw the goblin!
You kill the goblin!
Your Unarmed Combat skill increases to level 5!
You now have 126 gold pieces (gained 27).
You see here a dagger.
You see here a dagger.
You now have 171 gold pieces (gained 45).
You see here a short sword.
You open the door.
An ufetubus comes into view.
The ufetubus shouts!
You hear a shout! x3 3 orcs, 2 orc priests and a zombie come into view.
The orc shouts! x2; The orc priest shouts!
The ufetubus completely misses you. x2
The orc priest invokes the aid of Beogh against you.
Beogh smites you!
Ouch! That really hurt!
You die...
Your body crumbles into a pile of gold.

######)))#.##........
#%?(.')))'.##......#.
##########.##........
#..........)'........
+#####'#####......#.
#...#.# #........
#.))#.# ####'####
#...'.# #.......#
##@#### #.......#
#.5Z..# #.......#
#...o.# #...<...#
#..o..oo #.......#
#...o....##.......#
###########.......#
#########


You could see 2 orc priests, 3 orcs, an ufetubus and an adder zombie.

Vanquished Creatures
  A bat skeleton (D)
  A giant cockroach (D)
  A goblin (D)
  2 kobolds (D)
5 creatures vanquished.

Notes
Turn   | Place    | Note
-------+----------+-------------------------------------------
     0 | D        | equalderp2856 the Felid Fighter began the quest for the Orb.
     0 | D        | Reached XP level 1. HP: 10/10 MP: 2/2
   267 | D        | Found a radiant altar of Vehumet.
   267 | D        | Found a hide-covered altar of Uskayaw.
   267 | D        | Found an ancient bone altar of Kikubaaqudgha.
   267 | D        | Found a viscous altar of Jiyva.
   267 | D        | Found a hazy altar of Hepliaklqana.
   268 | D        | Found a bloodstained altar of Trog.
   268 | D        | Found a deep blue altar of Sif Muna.
   268 | D        | Found a sacrificial altar of Ru.
   268 | D        | Found a stormy altar of Qazlal.
   268 | D        | Found an iron altar of Okawaru.
   268 | D        | Found a sparkling altar of Nemelex Xobeh.
   268 | D        | Found an opulent altar of Gozag.
   268 | D        | Found a blossoming altar of Fedhas.
   268 | D        | Found a white marble altar of Elyvilon.
   268 | D        | Found a shadowy altar of Dithmenos.
   268 | D        | Found a snail-covered altar of Cheibriados.
   269 | D        | Found a glowing golden altar of the Shining One.
   269 | D        | Found a glowing silver altar of Zin.
   270 | D        | Found a burning altar of Makhleb.
   270 | D        | Found a basalt altar of Yredelemnul.
   270 | D        | Found a roughly hewn altar of Beogh.
   271 | D        | Found a corrupted altar of Lugonu.
   271 | D        | Found a shimmering altar of Xom.
   271 | D        | Found a shattered altar of Ashenzari.
   274 | D        | Became a worshipper of Gozag Ym Sagoz the Greedy
   302 | D        | Reached skill level 5 in Unarmed Combat
   311 | D        | Noticed an orc priest
   311 | D        | Noticed an orc priest
   311 | D        | Killed from afar by an orc priest

Skill      XL: |  1 |
---------------+----+-----
Unarmed Combat | 5 |  5.0
Fighting       | |  3.2
Dodging        | |  4.6
Stealth        | |  0.4

Action                   || total
-------------------------++-------
Melee: Unarmed           ||    20
       Bite              ||     1
 Stab: Sleeping          ||     1
Dodge: Dodged            ||    18
